AoeStats
← FuzzyPeaches

Fortress

509165219Analyzed
2v2 RM · 5d ago on Sep 25, 2026· 55m 50s· 4 players
Game mode
Random Map
Map size
Normal (6 player)
Population
200
Speed
Normal
Resources
Standard
Victory
Conquest
Starting age
Dark Age
Ending age
Imperial Age
RankedLock teamsTeams togetherTeam positionsShared explorationLock speedFull tech treeHidden civsTurbo modeCheats
Victory
Defeat
🇨🇦 Danes · Canada
1165
+16
🇨🇦 Muisca · Canada
983
+18
🇳🇴 Romans · Norway
1059
-15
🇮🇳 Maya · India
1054
-15
Bickus Diggus
8:33 Feudal Age
9:43 Double-Bit Axe
10:21 Horse Collar
13:22 Castle Age
11:37 Loom
11:50 Fletching
11:59 Gold Mining
13:53 Wheelbarrow
13:31 Arson
14:07 Heavy Plow
15:09 Bow Saw
16:04 Fortified Wall
15:44 Town Watch
18:18 Bodkin Arrow
22:36 Hand Cart
24:53 Padded Archer Armor
24:52 Guard Tower
25:42 Ballistics
29:05 Squires
32:10 Imperial Age
GRINDAGUT
7:44 Feudal Age
8:12 Double-Bit Axe
8:09 Horse Collar
9:07 Wheelbarrow
14:01 Castle Age
11:59 Gold Mining
13:53 Scale Mail Armor
14:04 Forging
13:58 Stone Mining
14:19 Loom
14:22 Town Watch
15:20 Bow Saw
17:37 Hand Cart
26:38 Gold Shaft Mining
27:32 Heavy Plow
27:21 Town Watch
30:34 Masonry
33:45 Imperial Age
32:07 Town Patrol
34:09 Ballistics
36:16 Chemistry
35:14 Murder Holes
36:43 Ballistas
39:16 Heavy Scorpion
41:32 Scale Barding Armor
42:46 Chain Barding Armor
42:39 Elite Centurion
FuzzyPeaches
7:57 Feudal Age
8:44 Double-Bit Axe
12:27 Castle Age
11:04 Double-Bit Axe
14:00 Loom
14:28 Bow Saw
14:22 Horse Collar
21:58 Scale Mail Armor
21:49 Arson
24:07 Chain Mail Armor
27:39 Gold Mining
28:43 Fletching
31:45 Wheelbarrow
32:25 Forging
34:22 Iron Casting
35:10 Hamask
38:03 Bodkin Arrow
42:01 Imperial Age
39:46 Hand Cart
40:45 Padded Archer Armor
42:11 Onager
43:19 Conscription
42:38 Elite Jomsviking
45:37 Plate Mail Armor
47:12 Squires
46:59 Gambesons
48:48 Siege Engineers
48:16 Elite Varangian Guard
54:21 Blast Furnace
55:01 Siege Onager
Dgor
7:49 Feudal Age
6:35 Loom
11:45 Castle Age
10:41 Padded Archer Armor
11:12 Fletching
12:07 Loom
15:47 Double-Bit Axe
17:08 Gold Mining
20:04 Horse Collar
20:46 Bodkin Arrow
23:08 Wheelbarrow
27:16 Sanctity
29:24 Town Watch
32:22 Redemption
38:58 Imperial Age
38:02 Heavy Plow
39:03 Leather Archer Armor
38:59 Forging
38:50 Scale Mail Armor
39:10 Champi Runner
39:51 Squires
40:36 Conscription
41:03 Block Printing
41:15 Illumination
41:26 Theocracy
40:26 Champi Warrior
41:48 Iron Casting
41:14 Bracer
41:34 Siege Engineers
42:04 Bow Saw
44:36 Elite Guecha Warrior
45:57 Onager
53:04 Elite Champi Warrior
Connection lost

Rejoining the realm…

Still unreachable

The connection could not be restored.

Session expired

The server has moved on; the page needs a fresh start.